 Dungeon Crawl Stone Soup version 0.29-a0-451-gfbfa42419e (webtiles) character file.

Game seed: 17517295146283925986

19312 snarfax the Bludgeoner (level 12, -14/106 HPs)
             Began as a Minotaur Abyssal Knight on May 19, 2022.
             Was the Champion of Lugonu.
             Killed from afar by a storm dragon (24 damage)
             ... with a bolt of lightning
             ... on level 12 of the Dungeon.
             The game lasted 00:45:35 (15349 turns).

snarfax the Bludgeoner (Minotaur Abyssal Knight)   Turns: 15349, Time: 00:45:36

Health: -14/106    AC: 16    Str: 21    XL:     12   Next: 35%
Magic:  17/17      EV:  5    Int:  7    God:    Lugonu [******]
Gold:   562        SH: 20    Dex: 19    Spells: 11/11 levels left

rFire   . . .      SeeInvis .   o - +2 morningstar (venom)
rCold   . . .      Faith    .   k - +1 tower shield {reflect}
rNeg    . . .      Spirit   .   F - +3 chain mail {Will+}
rPois   .          Reflect  +   (helmet restricted)
rElec   .          Harm     .   y - +2 cloak
rCorr   .          Rampage  .   J - +0 pair of gloves
Will    +....                   (no boots)
Stlth   ..........              (no amulet)
HPRegen 0.27/turn               u - +6 ring of dexterity
MPRegen 0.15/turn               (no ring)

@: about to teleport
A: horns 2, retaliatory headbutt
a: Renounce Religion, Depart the Abyss, Bend Space, Banish, Corrupt, Enter the
Abyss, Brand Weapon With Distortion


You were on level 12 of the Dungeon.
You worshipped Lugonu.
Lugonu was exalted by your worship.
You visited 1 branch of the dungeon, and saw 12 of its levels.
You visited the Abyss 1 time.
You also visited: Bailey.

You collected 834 gold pieces.
You spent 272 gold pieces at shops.

Inventory:

Hand Weapons
 a - a +1 mace
 e - a +0 vampiric hand axe
 o - a +2 morningstar of venom (weapon)
 q - a +0 vampiric halberd
Missiles
 c - 32 poisoned darts (quivered)
 p - 8 boomerangs
 B - 14 javelins
 I - a throwing net
Armour
 b - a +0 leather armour
 g - a +0 chain mail
 k - a +1 tower shield of reflection (worn)
 m - a +2 leather armour of fire resistance
 y - a +2 cloak (worn)
 F - a +3 chain mail of willpower (worn)
 J - a +0 pair of gloves (worn)
Jewellery
 u - a +6 ring of dexterity (left hand)
 E - the amulet of Riaxziur {Acrobat rC++ Regen+ Slay-2}
   (You found it in a bailey)

   [amulet of the acrobat]

   It increases your evasion while moving and waiting.
   Slay:      It affects your accuracy & damage with ranged weapons and melee
   (-2).
   rC:        It greatly protects you from cold.
   Regen:     It increases your rate of health regeneration.
 G - a ring of ice
 H - a ring of magical power
 Q - a ring of positive energy
Wands
 r - a wand of flame (8)
 N - a wand of digging (3)
 O - a wand of iceblast (7)
 P - a wand of mindburst (2)
Scrolls
 j - 2 scrolls of blinking
 l - 3 scrolls of fear
 x - a scroll of magic mapping
 L - a scroll of amnesia
 M - a scroll of enchant armour {unknown}
Potions
 d - 6 potions of mutation
 f - 10 potions of curing
 h - 4 potions of flight
 i - 2 potions of attraction
 n - 3 potions of haste
 s - 2 potions of might
 t - 2 potions of resistance {unknown}
 v - a potion of brilliance {unknown}
 z - a potion of lignification
 A - a potion of ambrosia
 C - 2 potions of cancellation
 K - a potion of invisibility
Miscellaneous
 D - a box of beasts


   Skills:
 - Level 10.0 Fighting
 - Level 16.0 Maces & Flails
 - Level 2.4 Armour
 - Level 1.1 Dodging
 * Level 12.5 Shields
 + Level 9.0 Invocations


You had 11 spell levels left.
You didn't know any spells.
Your spell library contained the following spells:

 Spells                   Type           Power      Damage    Failure   Level
 Slow                     Hex            0%         N/A       100%        1
 Confusing Touch          Hex            0%         N/A       100%        3
 Stone Arrow              Conj/Erth      0%         3d7       100%        3
 Vampiric Draining        Necr           0%         2d6       100%        3
 Animate Armour           Summ/Erth      0%         N/A       100%        4
 Lehudib's Crystal Spear  Conj/Erth      0%         10d2      100%        8


Dungeon Overview and Level Annotations

Branches:
Dungeon (12/15)            Temple (0/1) D:7            Lair (0/6) D:9
    Orc (0/2) D:9          Bailey (visited)

Altars:
Ashenzari
Nemelex Xobeh
Qazlal
Yredelemnul
The Shining One

Shops:
D:8 *   D:9 *

Portals:
Trove: D:12 (give 6 scrolls of fog)


Innate Abilities, Weirdness & Mutations

You have a pair of horns on your head.
You reflexively headbutt those who attack you in melee.


Message History

Your headbutt misses the storm dragon.
The storm dragon is heavily wounded.
The yaktaur shoots a bolt.
You reflect the bolt off your +1 tower shield of reflection!
The bolt hits the yaktaur!!
You kill the yaktaur!
Lugonu accepts your kill. You block the storm dragon's attack.
The storm dragon claws you! The storm dragon tramples you.
* * * LOW HITPOINT WARNING * * *
You hold your ground!
As you read the scroll of teleportation, it crumbles to dust.
You feel strangely unstable. The storm dragon barely misses you.
You furiously retaliate!
You headbutt the storm dragon.
The storm dragon claws you but does no damage.
You block the storm dragon's attack.
You hit the storm dragon.
The storm dragon looks as sick as possible!
The storm dragon is heavily wounded.
You block the storm dragon's attack.
The storm dragon claws you but does no damage.
The storm dragon tramples you but does no damage.
You hit the storm dragon but do no damage.
The storm dragon looks as sick as possible!
The storm dragon is heavily wounded.
The storm dragon bites you.
* * * LOW HITPOINT WARNING * * *
The storm dragon claws you but does no damage.
You block the storm dragon's attack.
A skeletal warrior comes into view. It is wielding a +0 halberd.
You hit the storm dragon.
The storm dragon looks as sick as possible!
You headbutt the storm dragon, but do no damage.
The storm dragon is severely wounded.
The storm dragon breathes lightning at you.
The bolt of lightning hits you!
* * * LOW HITPOINT WARNING * * *
The storm dragon breathes lightning at you.
The bolt of lightning hits you!!
You die...

#.)####################
#.#..........
###.#..........
##.#.#....#######
##....#.......z...
#.....#..#....####
#....##..#...##
##..#.##..#..##
####......#..#@##
##.........#..#D#
#.....<....#..#.#
###........#..#.#
##....##[.# #.#
#....##.### #..
##.#.##.### #..
#.###....# #.#
####.....#


You could see a storm dragon (extremely poisoned, catching breath) and a
skeletal warrior.

Vanquished Creatures
  2 hydras
  A boulder beetle (D:12)
  2 two-headed ogres
  Urug (D:12)
  An orc knight (D:12)
  A cyclops (D:10)
  A manticore (D:11)
  2 gargoyles
  A yaktaur (D:12)
  A komodo dragon (D:10)
  3 trolls
  3 meliai (D:12)
  2 dream sheep (D:10)
  Sigmund (D:4)
  4 vampires
  A wraith (D:10)
  3 wyverns
  18 yaks
  7 vampire mosquitoes
  Edmund (D:4)
  5 water moccasins
  Duvessa (D:4)
  2 sky beasts
  9 orc warriors
  4 black bears
  3 ogres
  An ice beast (D:8)
  4 wolves (D:9)
  3 centaurs
  4 kobold brigands
  2 bullfrogs
  A scorpion (D:9)
  2 necrophages (D:5)
  Dowan (D:4)
  17 wights
  14 killer bees
  6 vampire bats
  6 howler monkeys
  7 wolf zombies (Bailey)
  3 jellies
  9 orc priests
  A gnoll shaman (D:6)
  2 hounds
  5 iguanas
  Natasha (thrice) (D:4)
  5 orc wizards
  6 gnolls
  6 adders
  A white imp (D:6)
  An ufetubus (D:5)
  2 worms (D:4)
  4 dart slugs
  3 fire bats (D:5)
  43 orcs
  A spectral bat (D:5)
  7 ball pythons
  A bat simulacrum (D:5)
  3 bat skeletons (D:5)
  A bat zombie (D:5)
  4 endoplasms
  A giant cockroach (D:2)
  7 goblins
  11 hobgoblins
  3 jackals (D:4)
  5 quokkas
  14 bats
  2 frilled lizards
  8 kobolds
  20 orc zombies (Bailey)
  4 rats
334 creatures vanquished.

Vanquished Creatures (others)
  3 fungi (D:9)
  20 plants
23 creatures vanquished.

Grand Total: 357 creatures vanquished

Notes
Turn   | Place    | Note
-------+----------+-------------------------------------------
     0 | Abyss:1  | snarfax the Minotaur Abyssal Knight began the quest for the
                  | Orb.
     0 | Abyss:1  | Reached XP level 1. HP: 19/19 MP: 1/1
    37 | Abyss:1  | Noticed a large abomination
    38 | D:1      | Escaped the Abyss
    38 | D:1      | Found a transporter.
    38 | D:1      | Found a transporter.
    74 | D:1      | Reached skill level 3 in Maces & Flails
   225 | D:1      | Reached XP level 2. HP: 26/26 MP: 2/2
   283 | D:1      | Reached ** piety under Lugonu
   964 | D:2      | Reached XP level 3. HP: 30/34 MP: 3/3
  1291 | D:2      | Reached skill level 5 in Fighting
  1567 | D:3      | Reached XP level 4. HP: 22/42 MP: 4/4
  1925 | D:3      | Reached XP level 5. HP: 37/51 MP: 5/5
  2141 | D:3      | Found a glowing golden altar of the Shining One.
  2335 | D:3      | Found a faded altar of an unknown god.
  2570 | D:3      | Reached skill level 4 in Maces & Flails
  2592 | D:3      | Reached *** piety under Lugonu
  2746 | D:4      | Reached skill level 5 in Maces & Flails
  2864 | D:4      | Noticed Duvessa
  2864 | D:4      | Noticed Dowan
  2932 | D:4      | Noticed Sigmund
  2940 | D:4      | Killed Sigmund
  2941 | D:4      | Reached skill level 6 in Maces & Flails
  2941 | D:4      | Reached XP level 6. HP: 58/58 MP: 6/6
  2956 | D:4      | Noticed Edmund
  2980 | D:4      | Killed Edmund
  2981 | D:4      | Reached skill level 7 in Maces & Flails
  2981 | D:4      | Reached XP level 7. HP: 23/64 MP: 7/7
  3226 | D:4      | Reached skill level 8 in Maces & Flails
  3489 | D:4      | Noticed Natasha
  3498 | D:4      | Killed Natasha
  3551 | D:4      | Noticed Natasha
  3556 | D:4      | Killed Natasha
  3580 | D:4      | Killed Duvessa
  3581 | D:4      | Reached skill level 9 in Maces & Flails
  3591 | D:4      | Killed Dowan
  3754 | D:4      | Noticed Natasha
  3760 | D:4      | Killed Natasha
  3787 | D:4      | You fall into a shaft and drop 2 floors!
  3795 | D:5      | Entered Level 5 of the Dungeon
  4205 | D:5      | Reached skill level 10 in Maces & Flails
  4205 | D:5      | Reached XP level 8. HP: 71/71 MP: 8/8
  4264 | D:5      | Found a sparkling altar of Nemelex Xobeh.
  4608 | D:5      | Found a basalt altar of Yredelemnul.
  4608 | D:5      | Found a stormy altar of Qazlal.
  4728 | D:5      | Reached **** piety under Lugonu
  4882 | D:6      | Reached skill level 11 in Maces & Flails
  5473 | D:6      | Reached skill level 12 in Maces & Flails
  6002 | D:6      | Reached skill level 13 in Maces & Flails
  6002 | D:6      | Reached XP level 9. HP: 75/78 MP: 9/9
  6443 | D:7      | Found a flagged portal.
  6456 | Bailey   | Entered a bailey
  7106 | Bailey   | Reached ***** piety under Lugonu
  7108 | Bailey   | Reached skill level 14 in Maces & Flails
  7298 | Bailey   | Noticed a gargoyle
  7304 | Bailey   | Killed a gargoyle
  7345 | Bailey   | Identified the amulet of Riaxziur {Acrobat rC++ Regen+
                  | Slay-2}
  8297 | D:7      | Reached XP level 10. HP: 88/88 MP: 12/12
  8350 | D:7      | Reached skill level 15 in Maces & Flails
  8487 | D:7      | Found a staircase to the Ecumenical Temple.
  8630 | D:7      | Found a broken altar of Ashenzari.
  9687 | D:8      | Found Kescha's General Store.
  9695 | D:8      | Bought a scroll of blinking for 97 gold pieces
  9695 | D:8      | Bought a +1 tower shield of reflection for 175 gold pieces
  9719 | D:8      | Reached skill level 5 in Invocations
  9870 | D:8      | Reached skill level 1 in Shields
 10583 | D:9      | Found a staircase to the Lair.
 10692 | D:9      | Reached skill level 16 in Maces & Flails
 11067 | D:9      | Found a staircase to the Orcish Mines.
 11069 | D:9      | Found Egawn's Assorted Antiques.
 11276 | D:10     | Entered Level 10 of the Dungeon
 11442 | D:10     | Noticed a two-headed ogre
 11589 | D:9      | Reached skill level 5 in Shields
 11705 | D:9      | Reached XP level 11. HP: 96/97 MP: 14/14
 11939 | D:10     | Killed a two-headed ogre
 12157 | D:10     | Reached skill level 10 in Fighting
 12690 | D:10     | Reached ****** piety under Lugonu
 12707 | D:10     | Noticed a two-headed hydra
 12714 | D:10     | Killed a two-headed hydra
 13445 | D:11     | Noticed a two-headed ogre
 13454 | D:11     | Killed a two-headed ogre
 13455 | D:11     | Reached skill level 10 in Shields
 14002 | D:12     | Noticed Urug
 14031 | D:12     | Killed Urug
 14032 | D:12     | Reached XP level 12. HP: 42/106 MP: 17/17
 14081 | D:12     | Noticed a boulder beetle
 14278 | D:12     | Killed a boulder beetle
 14278 | D:12     | Noticed a four-headed hydra
 14423 | D:11     | Killed a four-headed hydra
 15172 | D:12     | Found a portal to a secret trove of treasure.
 15338 | D:12     | Noticed a storm dragon
 15349 | D:12     | Killed from afar by a storm dragon

Illustrated notes

Levels and vault maps discovered:
D:1:      spicycebolla_arrival_transporter_tutorial, layout_loops_ring
D:2:      cheibrodos_helix_gallery, layout_rooms, minmay_pentomino_v2
D:3:      layout_loops_ring, mainiacjoe_overflow_24_doors,
          dilly_ecumenical_altar_fadedgnrine
D:4:      dreamdust_elfheim, layout_gridville, uniq_edmund, uniq_natasha,
          uniq_sigmund
D:5:      layout_loops_ring, gammafunk_temple_overflow_wave,
          nemelex_spade_bored_becter, goddamned_bats
D:6:      layout_rooms
D:7:      layout_rooms, mainiacjoe_overflow_small_starburst, temple_statues,
          enter_bailey_5, kennysheep_doodads
D:8:      layout_loops_ring, serial_shops, nicolae_square_shop
D:9:      layout_roguey, minmay_lair_entry_grove, orc_0_dummy, serial_shops,
          shop
D:10:     layout_roguey, hangedman_ranch
D:11:     layout_roguey [special_room_orc]
D:12:     minmay_containers, layout_cave_pools, enter_trove_3, uniq_urug

Skill      XL: |  1  2  3  4  5  6  7  8  9 10 11 12 |
---------------+-------------------------------------+-----
Maces & Flails | 3 6 7 10 13 14 16 | 16.0
Fighting       | 4 5 6 8 9 10 | 10.0
Invocations    | 4 5 8 9 |  9.0
Shields        | 5 11 12 | 12.5
Armour         | |  2.4
Dodging        | |  1.1

Action                   |  1- 3 |  4- 6 |  7- 9 | 10-12 || total
-------------------------+-------+-------+-------+-------++-------
Melee: Mace              |    15 |       |       |       ||    15
       Headbutt          |    15 |    19 |    61 |    98 ||   193
       Hand axe          |    76 |    43 |       |       ||   119
       Morningstar       |       |    50 |   323 |   451 ||   824
       Punch             |       |       |     2 |     2 ||     4
Throw: Javelin           |       |       |     8 |       ||     8
       Dart              |       |       |     4 |     2 ||     6
       Boomerang         |       |       |     2 |    10 ||    12
Invok: Depart the Abyss  |     1 |       |       |       ||     1
Evoke: Wand              |       |       |       |     5 ||     5
       Box of beasts     |       |       |       |     1 ||     1
  Use: Scroll            |       |     7 |     7 |    10 ||    24
       Potion            |       |     1 |     5 |     2 ||     8
Armor: Leather armour    |     7 |       |       |       ||     7
       Chain mail        |    39 |    48 |   176 |   139 ||   402
Dodge: Dodged            |    32 |    33 |   120 |    56 ||   241
Block: Tower shield      |       |       |       |   290 ||   290
       Reflection        |       |       |       |    10 ||    10

Table legend: (Time is in decaauts)
 A = Elapsed time spent in this place.
 B = Non-inter-level travel time spent in this place.
 C = Inter-level travel time spent in this place.
 D = Time resting spent in this place.
 E = Time spent auto-exploring this place.
 F = Levels seen in this place.
 G = Mean time per level.
                   A        B        C        D        E       F      G
               +--------+--------+--------+--------+--------+-----+--------+
         Total |  15348 |  15098 |    250 |   3721 |   8299 |  14 | 1096.3 |
       Dungeon |  14209 |  13959 |    250 |   3088 |   8212 |  12 | 1184.1 |
         Abyss |     38 |     38 |      0 |      0 |     36 |   1 |   38.0 |
        Bailey |   1101 |   1101 |      0 |    633 |     51 |   1 | 1101.0 |
               +--------+--------+--------+--------+--------+-----+--------+

Top non-repeatable levels by time:
     D:8: 1753 daAuts
     D:6: 1660 daAuts
    D:10: 1520 daAuts
    D:11: 1322 daAuts
     D:3: 1222 daAuts
     D:9: 1187 daAuts
  Bailey: 1101 daAuts
     D:5: 1079 daAuts
     D:4: 1071 daAuts
    D:12: 986 daAuts
     D:7: 899 daAuts
     D:1: 836 daAuts
     D:2: 670 daAuts
 Abyss:1: 38 daAuts
